 Dungeon Crawl Stone Soup version 0.31-a0-188-g5e087ee2ca (webtiles) character file.

Game seed: 498638444860033050

88 qw the Shooter (level 4, -1/25 HPs)
             Began as a Deep Elf Hunter on June 23, 2023.
             Slain by an orc
             ... wielding a +0 dagger
              (3 damage)
             ... on level 3 of the Dungeon.
             The game lasted 00:00:42 (1795 turns).

qw the Shooter (Deep Elf Hunter)                    Turns: 1795, Time: 00:00:42

Health: -1/25      AC:  6    Str: 10    XL:     4   Next: 30%
Magic:  6/6        EV: 11    Int: 14    God:
Gold:   173        SH:  0    Dex: 18    Spells: 3/3 levels left

rFire   . . .        Y - +0 shortbow
rCold   . . .        (shield currently unavailable)
rNeg    . . .        d - +0 ring mail
rPois   .            (no helmet)
rElec   .            (no cloak)
rCorr   .            (no gloves)
SInv    .            g - +0 pair of boots
Will    .....        (no amulet)
Stlth   +            (no ring)
HPRegen 0.24/turn    (no ring)
MPRegen 0.10/turn

%: no passive effects
@: brilliant, lethally poisoned (-1 -> -3)
A: no striking features
a: no special abilities


You were on level 3 of the Dungeon.
You visited 1 branch of the dungeon, and saw 3 of its levels.

You collected 173 gold pieces.


   Skills:
 - Level 1.5 Fighting
 + Level 7.7 Ranged Weapons
 - Level 2.4 Dodging
 - Level 1.2 Stealth


You had 3 spell levels left.
You didn't know any spells.
Your spell library was empty.

Inventory:

Hand Weapons
 Y - a +0 shortbow (weapon)
Armour
 d - a +0 ring mail (worn)
 g - a +0 pair of boots (worn)
Scrolls
 a - a scroll of identify
Potions
 c - a potion of might
 i - a potion of haste

Dungeon Overview and Level Annotations

Branches:
Dungeon (3/15)

Altars:


Message History

The orc is almost dead.
You shoot an arrow. The arrow closely misses the orc.
The arrow hits the orc.
The orc is lightly wounded.
The orc hits you with a +2 dagger of venom.
You are poisoned.
You hear some strange, mumbled words.
A magic dart appears from out of thin air!
The magic dart hits you.
The orc hits you with a +2 dagger of venom.
You are lethally poisoned!
Something hits you.
You shoot an arrow. The arrow hits the orc.
You kill the orc!
You feel very sick.
The orc wizard casts a spell.
The orc wizard flickers and vanishes!
Something hits you.
1790 ||| DRINKING potion of heal wounds.
You feel much better.
You feel very sick. Something completely misses you. The orc misses you.
An orc comes into view. It is wielding a +0 dagger.
You shoot an arrow.
The arrow hits the orc but does no damage.
You feel very sick. Something hits you but does no damage.
The orc completely misses you.
You shoot an arrow. The arrow completely misses the orc.
You feel very sick. The orc hits you with a +0 falchion. Something hits you.
The orc hits you but does no damage.
You shoot an arrow. The arrow hits the orc!
You kill the orc!
You feel sick. The orc closely misses you.
You shoot an arrow. The arrow hits the orc!
You kill the orc!
You feel sick. Something hits you but does no damage. Something hits you.
You shoot an arrow. The arrow hits the orc.
The orc is lightly wounded.
You feel sick. Something hits you. Something hits you but does no damage.
The orc hits you with a +0 dagger.
You die...

# .##
#######...#.
#..)....:...
#...<....#
#...######
#@).# #o{.#
#.!.# .....#
...#....
#..o..>#..#
..#..###.##
. o.. .# .o.
##


You could see an orc.

Vanquished Creatures
  2 adders (D:2)
  A worm (D:2)
  A dart slug (D:2)
  3 orcs (D:3)
  4 bats
  8 endoplasms
  A giant cockroach (D:2)
  8 goblins
  9 hobgoblins
  5 jackals (D:1)
  4 kobolds
  A quokka (D:1)
  3 frilled lizards
  4 rats
54 creatures vanquished.

Notes
Turn   | Place    | Note
-------+----------+-------------------------------------------
     0 | D:1      | qw the Deep Elf Hunter began the quest for the Orb.
     0 | D:1      | Reached XP level 1. HP: 12/12 MP: 3/3
     0 | D:1      | 0 ||| qw: Version: 0.3-a-9-g12657ce
     0 | D:1      | 0 ||| qw: Game counter: 4274
     0 | D:1      | 0 ||| qw: Always use a shield: true
     0 | D:1      | 0 ||| qw: God list: Okawaru
     0 | D:1      | 0 ||| qw: Allow faded altars: false
     0 | D:1      | 0 ||| qw: Do Orc after D:15 true
     0 | D:1      | 0 ||| qw: Do second Lair branch before Depths: true
     0 | D:1      | 0 ||| qw: Lair rune preference: random
     0 | D:1      | 0 ||| qw: Plans: Normal
     0 | D:1      | 0 ||| PLANNING D:1-11
   138 | D:1      | Reached XP level 2. HP: 16/16 MP: 4/4
   198 | D:1      | Reached skill level 6 in Ranged Weapons
   510 | D:1      | Reached XP level 3. HP: 20/20 MP: 5/5
   863 | D:1      | 863 ||| UPGRADING to +0 scale mail.
   873 | D:1      | 873 ||| DROPPING +0 leather armour.
   874 | D:1      | 874 ||| UPGRADING to +0 pair of boots.
   879 | D:1      | 879 ||| READING 2 scrolls labelled SYPRO TILA.
   880 | D:1      | 880 ||| READING scroll labelled QEADIS VUZUM.
   881 | D:1      | 881 ||| DROPPING scroll of butterflies.
  1043 | D:2      | Found a faded altar of an unknown god.
  1062 | D:2      | Reached skill level 7 in Ranged Weapons
  1206 | D:2      | Reached XP level 4. HP: 25/25 MP: 6/6
  1745 | D:2      | 1745 ||| UPGRADING to +0 ring mail.
  1755 | D:2      | 1755 ||| DROPPING +0 scale mail.
  1756 | D:2      | 1756 ||| READING 2 scrolls labelled ZOUCZU ICWAT.
  1757 | D:2      | 1757 ||| READING scroll labelled SIMUXE ZAAFEILE.
  1761 | D:2      | 1761 ||| DRINKING 3 bubbling purple potions.
  1762 | D:2      | 1762 ||| DRINKING 2 red potions.
  1763 | D:2      | 1763 ||| READING 3 scrolls of identify.
  1763 | D:2      | 1763 ||| IDENTIFYING coppery potion
  1764 | D:2      | 1764 ||| READING 2 scrolls of identify.
  1764 | D:2      | 1764 ||| IDENTIFYING murky cyan potion
  1765 | D:2      | 1765 ||| DROPPING scroll of amnesia.
  1766 | D:2      | 1766 ||| DROPPING 2 potions of brilliance.
  1783 | D:3      | 1783 ||| Stepping ~*~*~tactically~*~*~ (outnumbered).
  1789 | D:3      | HP: 4/25 [poisoned by an orc]
  1790 | D:3      | 1790 ||| DRINKING potion of heal wounds.
  1794 | D:3      | HP: 4/25 [something (4)]
  1795 | D:3      | Slain by an orc

Levels and vault maps discovered:
D:1:      ncdulo_lavacross, layout_basic, minmay_pentomino_v2
D:2:      layout_loops_ring, dreamdust_ecumenical_altar_angels_and_demons
D:3:      minmay_diamond_boxcup, layout_rooms,
          grunt_temple_overflow_growth_and_decay, serial_shops, shop

Skill      XL: |  1  2  3 |
---------------+----------+-----
Ranged Weapons | 6 7 |  7.7
Fighting       | |  1.5
Dodging        | |  2.4
Stealth        | |  1.2

Action                     |  1- 3 |  4- 6 || total
---------------------------+-------+-------++-------
   Fire: Shortbow          |   120 |    48 ||   168
    Use: Scroll            |     2 |     4 ||     6
         Potion            |       |     3 ||     3
 Armour: Leather armour    |    10 |       ||    10
         Scale mail        |    14 |    11 ||    25
         Ring mail         |       |     4 ||     4
  Dodge: Dodged            |    35 |    10 ||    45

Table legend:
 A = Non-vault XP
 B = Vault XP
 C = Vault XP percentage of total XP
 D = Non-vault monster count
 E = Vault monster count
 F = Vault count percentage of total count
                 A         B        C        D         E       F
            +---------+---------+-------+---------+---------+-------
      Total |     125 |       2 |   1.6 |      53 |       1 |   1.9
            +---------+---------+-------+---------+---------+-------
        D:1 |      54 |       2 |   3.6 |      30 |       1 |   3.2
        D:2 |      61 |       0 |   0.0 |      19 |       0 |   0.0
        D:3 |      10 |       0 |   0.0 |       4 |       0 |   0.0
            +---------+---------+-------+---------+---------+-------
